AoeStats
← Ca$hflow

Arabia

510215503Analyzed
1v1 RM · 1d ago on Sep 30, 2026· 21m 57s· 2 players
Game mode
Random Map
Map size
Tiny (2 player)
Population
200
Speed
Normal
Resources
Standard
Victory
Conquest
Starting age
Dark Age
Ending age
Imperial Age
RankedLock teamsTeams togetherTeam positionsShared explorationLock speedFull tech treeHidden civsTurbo modeCheats
Victory
Defeat
🇺🇸 Spanish · United States
1113
+17
🇦🇷 Japanese · Argentina
1133
-17
Ca$hflow
5:57 Loom
8:22 Loom
10:29 Feudal Age
14:42 Castle Age
Coniopolis
6:27 Loom
6:33 Loom
10:00 Feudal Age
10:31 Man-at-Arms
10:57 Arson
11:15 Double-Bit Axe
14:26 Horse Collar
23:02 Castle Age
Connection lost

Rejoining the realm…

Still unreachable

The connection could not be restored.

Session expired

The server has moved on; the page needs a fresh start.